 Dungeon Crawl Stone Soup version 0.31-a0-841-g038b102fc3 (webtiles) character file.

Game seed: 9290160271428652130

8 mattj7820 the Trooper (level 2, 27/27 HPs)
             Began as a Minotaur Fighter on Sept 27, 2023.
             Quit the game on level 1 of the Dungeon.
             The game lasted 00:01:48 (156 turns).

mattj7820 the Trooper (Minotaur Fighter)             Turns: 156, Time: 00:01:49

Health: 27/27      AC:  7    Str: 20    XL:     2   Next: 0%
Magic:  1/1        EV:  9    Int:  5    God:
Gold:   37         SH:  4    Dex:  9    Spells: 1/1 levels left

rFire   . . .        a - +0 war axe
rCold   . . .        c - +0 buckler
rNeg    . . .        b - +0 scale mail
rPois   .            (helmet restricted)
rElec   .            (no cloak)
rCorr   .            (no gloves)
SInv    .            (no boots)
Will    .....        (no amulet) Stlth
                     (no ring)
HPRegen 0.24/turn    (no ring)
MPRegen 0.07/turn

%: no passive effects
@: no status effects
A: horns 2, retaliatory headbutt
a: no special abilities


You were on level 1 of the Dungeon.
You visited 1 branch of the dungeon, and saw 1 of its levels.

You collected 37 gold pieces.

Inventory:

Hand Weapons
 a - a +0 war axe (weapon)
Armour
 b - a +0 scale mail (worn)
 c - a +0 buckler (worn)
Scrolls
 e - a scroll of acquirement {unknown}
Potions
 d - a potion of might
 f - a potion of heal wounds {unknown}
 g - a potion of experience {unknown}


   Skills:
 + Level 3.8 Fighting
 + Level 2.6 Axes
 + Level 3.8 Armour
 + Level 3.8 Shields


You had one spell level left.
You didn't know any spells.
Your spell library was empty.

Dungeon Overview and Level Annotations

Branches:
Dungeon (1/15)

Altars:


Innate Abilities, Weirdness & Mutations

You have a pair of horns on your head.
You reflexively headbutt those who attack you in melee.


Message History

You headbutt the hobgoblin.
You kill the hobgoblin!
You close the door, pushing everything out of the way.
You see here a +0 club.
You open the door.
There is an open door here.
You see here a hobgoblin corpse.
The kobold shouts!
There is an open door here.
The kobold completely misses you.
You hit the kobold.
The kobold is moderately wounded.
The kobold closely misses you.
You hit the kobold.
You kill the kobold!
No target in view!
Things that are here:
a +2 short sword of electrocution; 4 stones; a kobold corpse A bat comes into view.
The bat closely misses you. You furiously retaliate!
You headbutt the bat!
You kill the bat!
You have reached level 2!
g - a metallic purple potion
Found a faded altar of an unknown god.
Things that are here:
a +2 short sword of electrocution; 4 stones; a kobold corpse
There is an open door here.
You now have 37 gold pieces (gained 13).
A ball python and 2 giant cockroaches come into view.
The ball python hisses angrily.
There are monsters nearby!
A kobold comes into view. It is wielding a +0 dagger.
You barely miss the ball python.
The giant cockroach waves its antennae.
The ball python bites you but does no damage.
You block the ball python's attack. You block the giant cockroach's attack.
The giant cockroach bites you but does no damage.
The ball python bites you but does no damage.
The ball python barely misses you.
Are you sure you want to abandon this character and quit the game? (Confirm with "yes".)

.....#..##.##..........#.##.##.
.....#..##.##..........#.##.#
##+###..##.##..........#.#
...##.##........###
...##......####...
#####.......# .###
#.....#.###.###
................
###.#####@B.#.### #. #SB....# #
#......# #......# #........
#.K...### #...... #.......


You could see 2 giant cockroaches, a ball python and a kobold.

Vanquished Creatures
  A goblin (D:1)
  A hobgoblin (D:1)
  A kobold (D:1)
  2 ball pythons (D:1)
  2 bats (D:1)
7 creatures vanquished.

Notes
Turn   | Place    | Note
-------+----------+-------------------------------------------
     0 | D:1      | mattj7820 the Minotaur Fighter began the quest for the Orb.
     0 | D:1      | Reached XP level 1. HP: 19/19 MP: 0/0
    66 | D:1      | Noticed a golden eye
   125 | D:1      | Reached XP level 2. HP: 27/27 MP: 1/1
   129 | D:1      | Noticed a golden eye
   133 | D:1      | Found a faded altar of an unknown god.
   156 | D:1      | Quit the game

Illustrated notes

Levels and vault maps discovered:
D:1:      lemuel_arrival_room, layout_basic,
          hellmonk_ecumenical_altar_watching_god

Action                     || total
---------------------------++-------
  Melee: War axe           ||     9
         Headbutt          ||     1
 Armour: Scale mail        ||     8
  Dodge: Dodged            ||    11
  Block: Buckler           ||     6

Table legend: (Time is in decaauts)
 A = Elapsed time spent in this place.
 B = Non-inter-level travel time spent in this place.
 C = Inter-level travel time spent in this place.
 D = Time resting spent in this place.
 E = Time spent auto-exploring this place.
 F = Levels seen in this place.
 G = Mean time per level.
                   A        B        C        D        E       F      G
               +--------+--------+--------+--------+--------+-----+--------+
         Total |    159 |    159 |      0 |      0 |     28 |   1 |  159.0 |
       Dungeon |    159 |    159 |      0 |      0 |     28 |   1 |  159.0 |
               +--------+--------+--------+--------+--------+-----+--------+

Top non-repeatable levels by time:
     D:1: 159 daAuts
